 Dungeon Crawl Stone Soup version 0.27-a0-773-gaaee5cf45b (webtiles) character file.

Game seed: 14929492714577258507

65 porpoise the Stinger (level 4, -1/29 HPs)
             Began as an Octopode Venom Mage on Mar 26, 2021.
             Was an Initiate of Okawaru.
             Slain by a quokka (4 damage)
             ... on level 3 of the Dungeon.
             The game lasted 00:11:00 (2223 turns).

porpoise the Stinger (Octopode Venom Mage)          Turns: 2223, Time: 00:11:00

Health: -1/29      AC:  1    Str:  7    XL:     4   Next: 14%
Magic:  4/7        EV: 13    Int: 18    God:    Okawaru [......]
Gold:   46         SH:  0    Dex: 12    Spells: 3/7 levels left

rFire    . . .     SeeInvis .   a - +0 dagger
rCold    . . .     Faith    .   (no shield)
rNeg     . . .     Spirit   .   (helmet restricted)
rPois    .         Reflect  .   (no amulet)
rElec    .         Harm     .   (no ring)
rCorr    .         Rampage  .   (no ring)
Will     .....                  (no ring)
Stlth    +++.......             (no ring)
HPRegen  0.09/turn              (no ring)
MPRegen  0.10/turn              (no ring)
                                (no ring)
                                (no ring)

@: no status effects
A: almost no armour, amphibious, 8 rings, camouflage 1, gelatinous body 1,
nimble swimmer 1, tentacles
a: Renounce Religion


You were on level 3 of the Dungeon.
You worshipped Okawaru.
Okawaru was noncommittal.
You visited 1 branch of the dungeon, and saw 3 of its levels.

You collected 46 gold pieces.

Inventory:

Hand Weapons
 a - a +0 dagger (weapon)
 f - a +0 dagger
Missiles
 b - 42 stones
 g - 5 poisoned darts (quivered)
 i - 2 boomerangs
Scrolls
 c - a scroll of amnesia {unknown}
 d - a scroll of torment {unknown}
 e - 4 scrolls of identify {unknown}
 k - a scroll of vulnerability {unknown}
 l - a scroll of noise {unknown}
Potions
 h - a potion of brilliance {unknown}
 j - a potion of flight {unknown}


   Skills:
 + Level 1.9 Fighting
 - Level 2.0 Dodging
 + Level 4.1 Stealth
 - Level 2.0 Spellcasting
 - Level 1.0 Transmutations
 + Level 4.5 Poison Magic


You had 3 spell levels left.
You knew the following spells:

 Your Spells              Type           Power      Damage    Failure   Level
a - Sting                 Tmut/Pois      44%        1d5       6%          1
m - Mephitic Cloud        Conj/Pois/Air  7%         N/A       28%         3

Your spell library contained the following spells:

 Spells                   Type           Power      Damage    Failure   Level
 Poisonous Vapours        Pois/Air       18%        N/A       11%         2
 Ignite Poison            Fire/Tmut/Pois 8%         N/A       26%         3
 Olgreb's Toxic Radiance  Pois           18%        N/A       28%         4


Dungeon Overview and Level Annotations

Branches:
Dungeon (3/15)

Altars:
Gozag
Okawaru
Qazlal
Ru
Trog
Vehumet

Shops:
D:1 ?


Innate Abilities, Weirdness & Mutations

You cannot wear most types of armour.
You are amphibious.
You can wear up to eight rings at the same time.
Your skin changes colour to match your surroundings (Stealth+).
Your rubbery body absorbs attacks. (AC +1, EV +1)
You are stealthy while swimming. (Stealth+)
You have tentacles for arms and can constrict up to eight enemies at once.


Message History

You kill the orc!
Okawaru accepts your kill. The orc closely misses you.
The orc priest closely misses you.
You hit the orc but do no damage. You squeeze the orc!
You kill the orc!
Okawaru accepts your kill.
The orc priest hits you with a +0 dagger.
You barely miss the orc priest. You grab the orc priest.
The orc priest is severely wounded.
You constrict the orc priest, but do no damage.
The quokka bites you.
The orc priest hits you with a +0 dagger.
* * * LOW HITPOINT WARNING * * *
You barely miss the orc priest.
The orc priest is severely wounded.
You constrict the orc priest, but do no damage.
The quokka closely misses you.
The orc priest mumbles some strange prayers to Beogh against you.
Pain shoots through your body!
* * * LOW HITPOINT WARNING * * *
You hit the orc priest but do no damage.
The orc priest is severely wounded.
You constrict the orc priest, but do no damage.
The quokka barely misses you.
The orc priest mumbles some strange prayers to Beogh against you.
You barely resist.
You hit the orc priest but do no damage.
The orc priest is almost dead.
You constrict the orc priest, but do no damage.
The quokka completely misses you. The orc priest closely misses you.
The orc wizard points at itself and mumbles some strange words.
The orc wizard flickers and vanishes!
Deactivating autopickup; reactivate with Ctrl-A.
The quokka bites you.
* * * LOW HITPOINT WARNING * * *
You hit the orc priest but do no damage.
The orc priest is almost dead.
You constrict the orc priest, but do no damage.
The quokka bites you.
You die...

######## #......#
#......# #......#
# #......#
##.##.##......#
.....{r@.....†#
##.##oo#......#
((...#.###..# #
((.###.#.##.#.##.#
..
#...##.#..#.##.# .
.......#.......#
#.#....#.<..##.#
#.#..# #....#
#.#..# #....#


You could see an orc priest (poisoned), an orc and a quokka.

Vanquished Creatures
  A worm (D:2)
  2 dart slugs
  2 orcs (D:3)
  5 endoplasms
  A giant cockroach (D:1)
  7 goblins
  3 hobgoblins
  7 jackals
  3 quokkas (D:2)
  A ball python (D:2)
  3 bats
  5 frilled lizards
  5 kobolds (D:1)
  7 rats
52 creatures vanquished.

Notes
Turn   | Place    | Note
-------+----------+-------------------------------------------
     0 | D:1      | porpoise the Octopode Venom Mage began the quest for the
                  | Orb.
     0 | D:1      | Reached XP level 1. HP: 11/11 MP: 3/3
   223 | D:1      | Reached XP level 2. HP: 14/18 MP: 0/5
   476 | D:1      | Reached skill level 1 in Fighting
   645 | D:1      | Reached XP level 3. HP: 13/23 MP: 0/6
   895 | D:1      | Found Olotwal's Magic Scroll Emporium.
  1169 | D:1      | Learned a level 3 spell: Mephitic Cloud
  1381 | D:2      | Found a bloodstained altar of Trog.
  1509 | D:2      | Found an iron altar of Okawaru.
  1517 | D:2      | Became a worshipper of Warmaster Okawaru
  1523 | D:2      | Found a radiant altar of Vehumet.
  1546 | D:2      | Found an opulent altar of Gozag.
  1731 | D:2      | Found a sacrificial altar of Ru.
  1732 | D:2      | Found a stormy altar of Qazlal.
  1856 | D:2      | Reached XP level 4. HP: 29/29 MP: 7/7
  2223 | D:3      | Slain by a quokka

Illustrated notes

Levels and vault maps discovered:
D:1:      dpeg_arrival_shrine, layout_basic, serial_shops,
          nicolae_shop_behind_doors
D:2:      layout_basic, grunt_temple_overflow_cloverleaf,
          gammafunk_temple_overflow_statue, minivault_11,
          minmay_misc_feat_pillars
D:3:      layout_basic, solitary_fountain, fedhas_altar_1

Skill      XL: |  1  2  3 |
---------------+----------+-----
Stealth        | 3 4 |  4.1
Fighting       | 1 |  1.9
Poison Magic   | 4 |  4.5
Dodging        | |  2.0
Spellcasting   | |  2.0
Transmutations | |  1.0

Action                   |  1- 3 |  4- 6 || total
-------------------------+-------+-------++-------
Melee: Unarmed           |     3 |       ||     3
       Dagger            |    47 |    12 ||    59
       Constrict         |    12 |     3 ||    15
       Tentacles         |     8 |     1 ||     9
Throw: Dart              |    11 |     4 ||    15
 Cast: Sting             |    36 |     6 ||    42
 Stab: Sleeping          |    13 |     1 ||    14
Armor: Skin              |     5 |       ||     5
Dodge: Dodged            |    24 |    10 ||    34

Table legend: (Time is in decaauts)
 A = Elapsed time spent in this place.
 B = Non-inter-level travel time spent in this place.
 C = Inter-level travel time spent in this place.
 D = Time resting spent in this place.
 E = Time spent auto-exploring this place.
 F = Levels seen in this place.
 G = Mean time per level.
                   A        B        C        D        E       F      G
               +--------+--------+--------+--------+--------+-----+--------+
         Total |   2222 |   2192 |     30 |    921 |    855 |   3 |  740.7 |
       Dungeon |   2222 |   2192 |     30 |    921 |    855 |   3 |  740.7 |
               +--------+--------+--------+--------+--------+-----+--------+

Top non-repeatable levels by time:
     D:1: 1170 daAuts
     D:2: 989 daAuts
     D:3: 61 daAuts
